Map: Dusty Gorge

Players

bigweeze

  • Race: Zerg Zerg
  • Spawn Location: 11:00

murkpuzz

  • Race: Terran Terran
  • Spawn Location: 9:00

Adversity - Winner!

  • Race: Terran Terran
  • Spawn Location: 5:00

Yelwarc - Winner!

  • Race: Protoss Protoss
  • League: Diamond
  • Spawn Location: 3:00

VOD

Have the link to the VOD?

Description

Time

  • Played on: Sept. 1, 2018, 3:56 p.m.
  • Length: 5:11
Show
View Real Time Build Order
Export as new Build Order

bigweeze Zerg 

Build Orders: Pool First, Ravager All-In 

Get SALT Encoding   

  12  0:01  Drone  
  13  0:11  Drone  
  14  0:31  Drone, Spawning Pool  
  14  0:40  Extractor  
  14  0:41  Drone  
  14  0:42  Drone, Extractor  
  14  0:53  Overlord  
  14  1:11  Drone  
  14  1:12  Drone  
  14  1:15  Drone  
  17  1:24  Roach Warren  
  16  1:34  Overlord  
  16  2:03  Roach x3  
  22  2:15  Roach  
  24  2:27  Ravager x3  
  24  2:28  Overlord  
  27  2:37  Roach  
  29  2:41  Ravager  
  30  2:54  Roach  
  32  3:07  Roach  
  32  3:10  Ravager  
  35  3:22  Roach  
  35  3:24  Overlord  
  37  3:54  Roach x3  
  37  4:05  Roach  
  34  4:33  Overlord x2  
  32  4:44  Hatchery  
  29  4:58  Ravager  
Show
View Real Time Build Order
Export as new Build Order

murkpuzz Terran 

Build Orders: Cyclone Opening 

Get SALT Encoding   

  12  0:01  SCV  
  13  0:13  SCV  
  14  0:18  Supply Depot  
  14  0:25  SCV  
  15  0:38  Refinery  
  15  0:40  SCV  
  16  0:47  Barracks  
  16  0:52  SCV  
  16  1:04  SCV  
  17  1:16  SCV  
  18  1:20  Refinery  
  18  1:28  SCV  
  19  1:36  Supply Depot  
  19  1:41  Factory  
  19  1:47  Orbital Command  
  19  2:01  Barracks Reactor  
  19  2:13  SCV  
  20  2:33  SCV  
  20  2:34  Cyclone  
  24  2:40  Marine x2  
  24  2:47  SCV  
  25  2:57  Engineering Bay  
  25  3:00  SCV  
  26  3:19  Cyclone  
  29  3:21  Command Center  
  29  3:39  Cyclone  
  31  3:57  Cyclone  
  30  4:03  Missile Turret  
  30  4:11  Cyclone  
  33  4:27  SCV  
  31  4:35  Cyclone  
  31  4:36  Orbital Command  
  31  4:39  SCV  
  35  4:57  Barracks Tech Lab  
  35  4:58  Barracks  
Show
View Real Time Build Order
Export as new Build Order

Adversity Terran - Winner!

Build Orders:  

Get SALT Encoding   

  12  0:03  SCV  
  13  0:15  SCV  
  13  0:21  Supply Depot  
  14  0:29  SCV  
  14  0:30  Refinery  
  16  0:42  SCV  
  16  0:46  Barracks  
  16  0:55  SCV  
  17  1:05  Barracks  
  17  1:18  Barracks  
  17  1:23  SCV  
  18  1:33  Reaper  
  19  1:42  Orbital Command  
  19  1:51  Refinery  
  19  1:53  Reaper  
  20  2:06  Supply Depot, Reaper  
  21  2:17  Reaper  
  22  2:27  Reaper  
  22  2:28  Barracks  
  23  2:42  Reaper  
  24  2:46  Barracks  
  24  2:47  SCV  
  25  2:53  Reaper  
  26  2:59  Supply Depot  
  26  3:02  Reaper  
  27  3:09  SCV  
  28  3:19  Reaper x2  
  30  3:21  SCV  
  31  3:33  Reaper  
  32  3:37  Reaper  
  32  3:38  Reaper  
  33  3:51  Reaper  
  33  3:57  Reaper  
  33  4:01  SCV  
  35  4:05  Reaper  
  36  4:14  Reaper  
  36  4:15  Command Center  
  35  4:25  Reaper  
  36  4:34  Reaper  
  36  4:37  SCV  
  37  4:40  Supply Depot  
Show
View Real Time Build Order
Export as new Build Order

Yelwarc Protoss - Winner!

Build Orders:  

Get SALT Encoding   

  12  0:01  Probe  
  13  0:13  Probe  
  14  0:19  Pylon  
  14  0:27  Probe  
  15  0:37  Probe  
  15  0:40  Gateway  
  16  0:47  Probe  
  16  0:55  Assimilator  
  17  0:59  Probe  
  18  1:12  Probe  
  18  1:15  Assimilator  
  19  1:30  Probe  
  19  1:31  Cybernetics Core  
  20  1:38  Pylon  
  20  1:42  Probe  
  20  1:43  Zealot  
  23  2:00  Probe  
  24  2:15  Pylon  
  24  2:22  Stalker, Shield Battery  
  25  2:34  Stargate  
  25  2:36  Probe  
  26  2:49  Probe  
  27  2:52  Stalker  
  29  3:02  Probe  
  30  3:09  Void Ray  
  30  3:17  Pylon  
  34  3:22  Shield Battery  
  34  3:24  Stalker  
  34  3:44  Probe  
  33  3:50  Pylon  
  31  4:06  Void Ray  
  31  4:15  Probe  
  36  4:18  Cybernetics Core  
  36  4:22  Gateway  
  34  4:47  Probe  
  34  4:49  Nexus  
  35  4:53  Pylon  
Tags
 
Add a new tag
Caveats
  • Supply blocks, unpowered buildings, or Contaminate may cause inaccurate times.
  • Supply counts are checked every 10 seconds.